 Dungeon Crawl Stone Soup version 0.30-a0-1112-gfb780f5df6 (webtiles) character file.

Game seed: 9003880825497424818

22339 demibob the Grappler (level 12, -4/99 HPs)
             Began as a Demonspawn Wanderer on Apr 19, 2023.
             Was an Elder of Qazlal.
             Slain by a wolf (8 damage)
             ... on level 1 of the Lair of Beasts.
             The game lasted 00:20:28 (12654 turns).

demibob the Grappler (Demonspawn Wanderer)         Turns: 12654, Time: 00:20:28

Health: -4/99      AC: 10    Str: 16    XL:     12   Next: 62%
Magic:  19/19      EV: 16    Int: 17    God:    Qazlal [****..]
Gold:   346        SH:  5    Dex: 20    Spells: 14/17 levels left

rFire   + . .      SeeInvis .      - Unarmed
rCold   . . .      Faith    .    (no shield)
rNeg    . . .      Spirit   .    t - +0 steam dragon scales
rPois   .          Reflect  .    g - +0 helmet
rElec   +          Rampage  .    B - +0 cloak
rCorr   .                        l - +0 pair of gloves {Stlth+}
Will    .....                    n - +0 pair of boots
Stlth   ++                       w - amulet of the acrobat
HPRegen 0.36/turn                D - +6 ring of dexterity
MPRegen 0.16/turn                v - ring of Kefesogg {rElec rF+ Int+3}

@: lethally poisoned (-4 -> -22), repel missiles
A: hooves 1, rugged brown scales 1, ignite blood 1, powered by pain 2
a: Renounce Religion, Upheaval, Elemental Force


You were on level 1 of the Lair of Beasts.
You worshipped Qazlal.
Qazlal was greatly pleased with you.
You visited 2 branches of the dungeon, and saw 12 of its levels.
You also visited: Sewer.

You collected 799 gold pieces.
You spent 453 gold pieces at shops.


Innate Abilities, Weirdness & Mutations

You have large cloven feet.
You are partially covered in rugged brown scales. (AC +1, +3% HP)
Your demonic aura sometimes causes spilled blood to erupt in flames.
You sometimes gain power by taking damage.


   Skills:
 + Level 9.7 Fighting
 - Level 1.0 Armour
 + Level 6.1 Dodging
 - Level 1.7 Stealth
 + Level 13.7 Unarmed Combat
 - Level 3.0 Spellcasting
 - Level 6.3 Transmutations
 - Level 9.6 Invocations


You had 14 spell levels left.
You knew the following spells:

 Your Spells              Type           Power      Damage    Failure   Level
w - Wereblood             Tmut           24%        N/A       1%          2
z - Shock                 Conj/Air       8%         1d3       17%         1

Your spell library contained the following spells:

 Spells                   Type           Power      Damage    Failure   Level
 Apportation              Tloc           4%         N/A       17%         1
 Kiss of Death            Conj/Necr      8%         2d6       17%         1
 Necrotise                Necr           8%         1d4       17%         1
 Summon Small Mammal      Summ           8%         N/A       17%         1
 Poisonous Vapours        Pois/Air       4%         N/A       26%         2
 Sublimation of Blood     Necr           2%         N/A       26%         2
 Call Canine Familiar     Summ           2%         N/A       45%         3
 Confusing Touch          Hex            2%         N/A       45%         3
 Dazzling Flash           Conj/Hex       4%         N/A       45%         3
 Gell's Gravitas          Tloc           2%         N/A       45%         3
 Mephitic Cloud           Conj/Pois/Air  2%         N/A       45%         3
 Portal Projectile        Hex/Tloc       4%         N/A       45%         3
 Swiftness                Air            2%         N/A       45%         3
 Tukima's Dance           Hex            2%         N/A       45%         3
 Vampiric Draining        Necr           2%         2d6       45%         3
 Yara's Violent Unravell  Hex/Tmut       6%         3d5       78%         5
 Airstrike                Air            1%         2d(1-17)  86%         4
 Cause Fear               Hex            1%         N/A       86%         4
 Dispel Undead            Necr           2%         3d7       86%         4
 Leda's Liquefaction      Hex/Erth       1%         N/A       86%         4
 Passage of Golubria      Tloc           2%         N/A       86%         4
 Agony                    Necr           2%         N/A       99%         5
 Freezing Cloud           Conj/Ice/Air   1%         6-21      99%         5
 Simulacrum               Ice/Necr       1%         N/A       100%        6
 Malign Gateway           Summ/Tloc      1%         N/A       100%        7
 Ozocubu's Refrigeration  Ice            1%         4d7       100%        7
 Summon Hydra             Summ           1%         N/A       100%        7
 Summon Horrible Things   Summ           1%         N/A       100%        8
 Polar Vortex             Ice            1%         N/A       100%        9

Inventory:

Missiles
 x - 2 throwing nets {=f}
Armour
 g - a +0 helmet (worn)
 l - a +0 pair of gloves of stealth (worn)
 n - a +0 pair of boots (worn)
 t - +0 steam dragon scales (worn)
 B - a +0 cloak (worn)
Magical Staves
 c - a staff of cold {!a}
 u - a staff of conjuration {!a}
Jewellery
 a - an amulet of regeneration
 v - the ring of Kefesogg (right hand) {rElec rF+ Int+3}
   (You bought it in a shop on level 3 of the Dungeon)

   [ring of protection from fire]

   Int:       It affects your intelligence (+3).
   rF:        It protects you from fire.
   rElec:     It insulates you from electricity.
 w - an amulet of the acrobat (around neck)
 C - a ring of ice
 D - a +6 ring of dexterity (left hand)
 R - a ring of resist corrosion
 T - a +4 ring of protection
 Z - a ring of wizardry
Wands
 p - a wand of roots (5)
Scrolls
 d - 3 scrolls of fog
 h - a scroll of silence {!r}
 i - 4 scrolls of identify {@r1}
 j - 4 scrolls of teleportation {@r2}
 o - 3 scrolls of amnesia
 y - a scroll of poison
 A - a scroll of fear
Potions
 b - a potion of might
 e - 5 potions of lignification
 f - 5 potions of brilliance
 k - 2 potions of attraction
 m - 2 potions of haste {@q3}
 q - 2 potions of ambrosia
 r - a potion of magic
 z - a potion of mutation

Dungeon Overview and Level Annotations

Branches:
Dungeon (11/15)            Temple (0/1) D:6            Lair (1/5) D:11
    Orc (0/2) D:10          Sewer (visited)

Altars:
Makhleb
Nemelex Xobeh
Okawaru
Qazlal
Ru
Sif Muna
Uskayaw
Vehumet
Wu Jian

Shops:
D:3 =   D:6 *   D:10 *   D:11 (

Portals:
Trove: D:10 (give 14 potions of heal wounds)

Annotations:
Lair:1 Sonja

##..~~≈≈≈≈~~.##.†
#.~~~~≈≈≈~~.##..
#.~≈~~~~≈~≈.....
#.≈≈≈.<~≈~~.....
#~≈≈≈~.~~≈~.#...
#.~≈≈~~≈≈~~..... #. ##
#.~≈≈≈~≈≈~..#...
.#...#h##~~~~~~~~~.###..
.....○F@.#...~.~..## #..
.....#†..○...###### ##.
.#. #.☼......# ##
##lh......# hKh...(..#
......P..(# ......((...
............


You could see Sonja (ally target), a wolf (ally target), a friendly komodo
dragon (summoned, extremely poisoned, slow), 3 friendly wolves and a friendly
bullfrog (summoned, very poisoned, slow).


Message History

Your wolf dies!
Your wolf's corpse dissolves into shadows!
The wolf bites you but does no damage.
* * * LOW HITPOINT WARNING * * *
You feel extremely sick.
You hear a trumpeting!
Sonja throws a curare-tipped dart.
The curare-tipped dart misses your wolf.
The curare-tipped dart closely misses your komodo dragon.
The curare-tipped dart hits your bullfrog.
Your bullfrog is poisoned.
Your bullfrog convulses.
Your bullfrog seems to slow down.
Your wolf completely misses Sonja.
Your wolf closely misses Sonja.
You block the wolf's attack.
Your komodo dragon is engulfed in freezing vapours.
Your komodo dragon seems to slow down.
Sonja hits your komodo dragon with a +2 dagger of venom!
Your komodo dragon is poisoned.
Sonja hits your komodo dragon but does no damage.
Your komodo dragon looks as sick as possible!
Sonja hits your komodo dragon with a +2 dagger of venom.
Your komodo dragon looks as sick as possible!
Your wolf misses Sonja.
Your wolf completely misses Sonja.
Your wolf barely misses Sonja.
The wolf completely misses you.
* * * LOW HITPOINT WARNING * * *
You feel very sick.
You hear a trumpeting!
Your wolf completely misses Sonja.
Your wolf bites Sonja.
Your wolf bites Sonja!
The wolf bites you!
You die...

Skill      XL: |  1  2  3  4  5  6  7  8  9 10 11 12 |
---------------+-------------------------------------+-----
Unarmed Combat | 3 4 5 6 7 8 9 10 11 13 | 13.7
Invocations    | 2 5 8 9 |  9.6
Fighting       | 2 4 6 8 9 |  9.7
Transmutations | 5 6 |  6.3
Dodging        | 4 6 |  6.1
Armour         | |  1.0
Stealth        | |  1.7
Spellcasting   | |  3.0

Action                     |  1- 3 |  4- 6 |  7- 9 | 10-12 || total
---------------------------+-------+-------+-------+-------++-------
  Melee: Unarmed           |   147 |   157 |   279 |   391 ||   974
         Punch             |     4 |     6 |    25 |    35 ||    70
         Kick              |     9 |    35 |    99 |    20 ||   163
 Invoke: Elemental Force   |       |       |       |     4 ||     4
  Evoke: Wand              |       |     1 |     2 |    14 ||    17
    Use: Scroll            |     8 |     5 |     6 |     7 ||    26
         Potion            |     3 |     5 |     3 |    10 ||    21
   Stab: Distracted        |       |       |       |     1 ||     1
 Armour: Leather armour    |    53 |    78 |       |       ||   131
         Troll leather arm |       |       |    68 |       ||    68
         Steam dragon scal |       |       |     4 |    95 ||    99
         Skin              |       |       |       |    10 ||    10
  Dodge: Dodged            |    57 |   114 |   110 |   208 ||   489
         Repelled          |       |       |       |     7 ||     7
  Block: Other             |     6 |    25 |    44 |    80 ||   155

Levels and vault maps discovered:
D:1:      roderic_octagonal_star, layout_basic,
          nicolae_ecumenical_snake_handling, st_stairs_12
D:2:      layout_rooms, serial_corexii_hall, corexii_hall_statues_x,
          corexii_hall_statues_t, minmay_tromino_v2
D:3:      layout_basic, serial_shops, shop
D:4:      layout_loops_cross
D:5:      layout_cave_pools, nicolae_overflow_two_pavilions,
          cheibrodos_sewer_entry_sluice, uniq_eustachio
D:6:      layout_layer_cave, lemuel_crystal_altar,
          minmay_temple_entry_drinking_statues, serial_shops,
          nicolae_take_the_stairs, nicolae_concentric_dashed_squares_mild,
          minivault_5
D:7:      layout_basic, eat_drink_and_be_merry_uskayaw,
          dilly_guarded_unrand_morg
D:8:      layout_loops_ring, mainiacjoe_overflow_swirl, roderic_lattice_a,
          uniq_pikel
D:9:      layout_irregular_city, lemuel_coloured_pillars_altar,
          nicolae_ru_awakened_eye, serial_column_ruins, column_ruins_grid_2,
          column_ruins_grid_1, column_ruins_grid_4, uniq_maurice
D:10:     minmay_flawed_box, layout_long_grid, orc_0_dummy, serial_shops,
          nicolae_square_shop, nicolae_trove_entry_isolated,
          grunt_ministairs_10, uniq_josephine, uniq_fannar, uniq_snorg
D:11:     layout_roguey, grunt_lair_entry_orc_guard_hut, serial_glass,
          glass_columns_a, glass_columns_a, minmay_strange_pillars,
          minmay_strange_pillars, item_on_display_a, serial_shops,
          nicolae_shop_peninsula
Lair:1:   layout_cave_pods, lemuel_fruit_tree, grunt_megastairs_3,
          infiniplex_staircase_pool_2, serial_bayou_shore_a, uniq_sonja

Notes
Turn   | Place    | Note
-------+----------+-------------------------------------------
     0 | D:1      | demibob the Demonspawn Wanderer began the quest for the
                  | Orb.
     0 | D:1      | demibob set off with the following items: a +0 club, a
                  | potion of might, a +0 pair of gloves, a scroll of fog, a +0
                  | leather armour, a potion of brilliance; and the following
                  | spell memorised: Shock; and the following spells available
                  | to memorise: Mephitic Cloud.
     0 | D:1      | Reached XP level 1. HP: 15/15 MP: 4/4
   118 | D:1      | Found a faded altar of an unknown god.
   271 | D:1      | Reached skill level 3 in Unarmed Combat
   304 | D:1      | Prayed at the altar of an unknown god.
   304 | D:1      | Became a worshipper of Qazlal Stormbringer
   304 | D:1      | Reached * piety under Qazlal
   422 | D:1      | Gained mutation: You sometimes gain a little power by
                  | taking damage. [demonic ancestry]
   422 | D:1      | Reached XP level 2. HP: 4/21 MP: 6/6
  1054 | D:2      | Gained mutation: You have large cloven feet. [demonic
                  | ancestry]
  1054 | D:2      | Reached XP level 3. HP: 16/26 MP: 7/7
  1136 | D:2      | Reached skill level 4 in Unarmed Combat
  1691 | D:3      | Reached ** piety under Qazlal
  1779 | D:3      | Found Perphiloc's Jewellery Boutique.
  1900 | D:3      | Reached XP level 4. HP: 32/32 MP: 8/8
  2095 | D:3      | Reached skill level 5 in Unarmed Combat
  2096 | D:3      | Reached XP level 5. HP: 24/37 MP: 9/9
  2635 | D:4      | Got Sif Muna's Omnibus of the Ill-fated Door
  2715 | D:4      | Reached skill level 6 in Unarmed Combat
  2923 | D:4      | Gained mutation: You sometimes gain power by taking damage.
                  | [demonic ancestry]
  2923 | D:4      | Reached XP level 6. HP: 35/43 MP: 10/10
  3052 | D:4      | You fall into a shaft and drop 2 floors!
  3187 | D:6      | Found Hinoxtub's General Store.
  3239 | D:5      | Entered Level 5 of the Dungeon
  3348 | D:5      | Found a sparkling altar of Nemelex Xobeh.
  3348 | D:5      | Found an ornate altar of the Wu Jian Council.
  3350 | D:5      | Noticed a water moccasin
  3363 | D:5      | Killed a water moccasin
  3364 | D:5      | Reached skill level 7 in Unarmed Combat
  3443 | D:5      | Found a glowing drain.
  3452 | Sewer    | Entered a sewer
  3469 | Sewer    | Reached *** piety under Qazlal
  3497 | Sewer    | Noticed Pargi
  3513 | Sewer    | Killed Pargi
  3514 | Sewer    | Reached XP level 7. HP: 43/48 MP: 11/11
  3584 | D:5      | Noticed Eustachio
  3598 | D:5      | Killed Eustachio
  3599 | D:5      | Reached skill level 8 in Unarmed Combat
  4107 | D:6      | Reached skill level 1 in Invocations
  4110 | D:6      | Found an iron altar of Okawaru.
  4240 | D:6      | Reached skill level 2 in Fighting
  4240 | D:6      | Reached skill level 2 in Invocations
  4240 | D:6      | Reached XP level 8. HP: 56/56 MP: 12/12
  4450 | D:6      | Found a staircase to the Ecumenical Temple.
  4978 | D:7      | Reached skill level 3 in Invocations
  5043 | D:7      | Found a hide-covered altar of Uskayaw.
  5055 | D:7      | Reached skill level 3 in Fighting
  5055 | D:7      | Reached skill level 9 in Unarmed Combat
  5060 | D:7      | Reached skill level 4 in Invocations
  5331 | D:3      | Bought the ring of Kefesogg {rElec rF+ Int+3} for 453 gold
                  | pieces
  5853 | D:7      | Reached skill level 5 in Invocations
  5862 | D:7      | Reached skill level 4 in Fighting
  6140 | D:7      | Gained mutation: Your demonic aura sometimes causes spilled
                  | blood to erupt in flames. [demonic ancestry]
  6140 | D:7      | Reached XP level 9. HP: 38/66 MP: 13/13
  6147 | D:7      | HP: 6/66 [hornet simulacrum (6)]
  6209 | D:7      | Reached skill level 6 in Invocations
  6290 | D:7      | Reached skill level 5 in Fighting
  6322 | D:7      | Identified the +5 dagger "Dragonslayer" {pain, rF+ rCorr
                  | Int+3 Stlth+}
  6380 | D:7      | Reached **** piety under Qazlal
  6644 | D:8      | Noticed Pikel
  6658 | D:8      | Killed Pikel
  6659 | D:8      | Reached skill level 10 in Unarmed Combat
  6659 | D:8      | Reached skill level 7 in Invocations
  6720 | D:8      | Reached skill level 6 in Fighting
  6770 | D:8      | Reached skill level 8 in Invocations
  6780 | D:8      | Reached XP level 10. HP: 43/77 MP: 16/16
  7049 | D:8      | Learned a level 2 spell: Wereblood
  7189 | D:8      | Reached skill level 1 in Transmutations
  7196 | D:8      | Reached skill level 9 in Invocations
  7281 | D:8      | Found a burning altar of Makhleb.
  7496 | D:8      | Found a shimmering blue altar of Sif Muna.
  7902 | D:9      | Found a sacrificial altar of Ru.
  8022 | D:9      | Noticed Maurice
  8087 | D:9      | Killed Maurice
  8088 | D:9      | Reached skill level 2 in Transmutations
  8431 | D:9      | Found a radiant altar of Vehumet.
  8556 | D:10     | Entered Level 10 of the Dungeon
  8569 | D:10     | Reached skill level 11 in Unarmed Combat
  8569 | D:10     | Found Iniawnoc's General Store.
  8592 | D:10     | Identified a +2 robe of resistance
  8597 | D:10     | Reached skill level 3 in Transmutations
  8598 | D:10     | Noticed Fannar
  8611 | D:10     | Reached skill level 4 in Transmutations
  8618 | D:10     | HP: 7/77 [yak (5)]
  8621 | D:10     | Found a portal to a secret trove of treasure.
  9098 | D:10     | Reached skill level 5 in Transmutations
  9115 | D:10     | Reached XP level 11. HP: 77/83 MP: 18/18
  9226 | D:10     | Killed Fannar
  9331 | D:10     | >>lul
  9334 | D:10     | Reached skill level 12 in Unarmed Combat
  9403 | D:10     | Noticed Josephine
  9609 | D:9      | Killed Josephine
  9610 | D:9      | Reached skill level 6 in Transmutations
 10151 | D:10     | Noticed Snorg
 10168 | D:10     | Killed Snorg
 10169 | D:10     | Reached skill level 7 in Fighting
 10169 | D:10     | Reached skill level 1 in Dodging
 10249 | D:10     | Found a staircase to the Orcish Mines.
 10505 | D:11     | Found Saas's Antique Weapon Emporium.
 10566 | D:11     | Reached skill level 2 in Dodging
 10914 | D:11     | Reached skill level 3 in Dodging
 10924 | D:11     | Noticed a two-headed ogre
 11101 | D:11     | Killed a two-headed ogre
 11102 | D:11     | Reached skill level 8 in Fighting
 11230 | D:11     | Reached ***** piety under Qazlal
 11633 | D:11     | Found a staircase to the Lair.
 11654 | D:11     | Noticed a boulder beetle
 11683 | D:11     | Reached skill level 4 in Dodging
 11689 | D:11     | Killed a boulder beetle
 11690 | D:11     | Reached skill level 13 in Unarmed Combat
 11690 | D:11     | Gained mutation: You are partially covered in rugged brown
                  | scales. (AC +1, +3% HP) [demonic ancestry]
 11690 | D:11     | Reached XP level 12. HP: 44/96 MP: 19/19
 11918 | Lair:1   | Entered Level 1 of the Lair of Beasts
 12393 | Lair:1   | Reached skill level 5 in Dodging
 12393 | Lair:1   | Noticed a death yak
 12400 | Lair:1   | Noticed a death yak
 12400 | Lair:1   | Noticed a death yak
 12401 | Lair:1   | Reached skill level 9 in Fighting
 12402 | Lair:1   | Noticed a death yak
 12402 | Lair:1   | Killed a death yak
 12403 | Lair:1   | Noticed a death yak
 12411 | Lair:1   | Killed a death yak
 12415 | Lair:1   | Killed a death yak
 12422 | Lair:1   | Killed a death yak
 12428 | Lair:1   | Killed a death yak
 12429 | Lair:1   | Reached skill level 6 in Dodging
 12643 | Lair:1   | Noticed Sonja
 12654 | Lair:1   | HP: 4/99 [poisoned by Sonja]
 12654 | Lair:1   | Slain by a wolf

Vanquished Creatures
  Snorg (D:10)
  Josephine (D:9)
  Fannar (D:10)
  A boulder beetle (D:11)
  A two-headed ogre (D:11)
  2 death yaks (Lair:1)
  Pikel (D:8)
  A cyclops (D:11)
  Maurice (D:9)
  2 cane toads (Lair:1)
  A rime drake (D:11)
  2 komodo dragons (D:11)
  2 trolls
  A hornet (D:10)
  5 blink frogs
  A shadow (D:11)
  A vampire (D:9)
  2 wyverns
  6 wraiths
  2 basilisks
  35 yaks
  2 steam dragons (D:8)
  2 vampire mosquitoes (D:10)
  Eustachio (D:5)
  5 water moccasins
  Pargi (Sewer)
  2 black bears
  A sky beast (D:8)
  An ice beast (D:7)
  3 orc warriors
  A hornet zombie (D:7)
  An ogre (D:7)
  9 wolves (Lair:1)
  A centaur (D:7)
  A lemure (D:8)
  A phantom (D:7)
  8 bullfrogs
  A necrophage (D:7)
  A gnoll sergeant (D:7)
  A scorpion (D:4)
  A wyvern skeleton (D:7)
  A hornet simulacrum (D:7)
  3 killer bees (D:10)
  A howler monkey (D:9)
  3 hounds
  4 orc priests
  A jelly (D:5)
  A sleepcap (D:4)
  14 orc wizards
  3 iguanas (D:4)
  A killer bee simulacrum (D:7)
  4 adders
  5 gnolls (D:7)
  A shadow imp (D:5)
  2 white imps
  3 ufetubi
  4 worms
  25 orcs
  16 bats
  5 endoplasms
  2 giant cockroaches (D:2)
  10 goblins
  5 hobgoblins
  4 jackals (D:3)
  2 quokkas
  4 ball pythons
  5 frilled lizards
  8 kobolds
  3 rats
254 creatures vanquished.

Vanquished Creatures (collateral kills)
  3 death yaks (Lair:1)
  A gargoyle (D:10)
  2 blink frogs (Lair:1)
  A killer bee (D:10)
  2 orc wizards (D:10)
9 creatures vanquished.

Vanquished Creatures (others)
  8 fungi
  15 plants
  17 withered plants (D:7)
40 creatures vanquished.

Grand Total: 303 creatures vanquished

Table legend: (Time is in decaauts)
 A = Elapsed time spent in this place.
 B = Non-inter-level travel time spent in this place.
 C = Inter-level travel time spent in this place.
 D = Time resting spent in this place.
 E = Time spent auto-exploring this place.
 F = Levels seen in this place.
 G = Mean time per level.
                   A        B        C        D        E       F      G
               +--------+--------+--------+--------+--------+-----+--------+
         Total |  12519 |  11900 |    619 |   1696 |   8347 |  13 |  963.0 |
       Dungeon |  12059 |  11441 |    618 |   1696 |   8082 |  11 | 1096.3 |
          Lair |    353 |    353 |      0 |      0 |    220 |   1 |  353.0 |
         Sewer |    107 |    107 |      0 |      0 |     45 |   1 |  107.0 |
               +--------+--------+--------+--------+--------+-----+--------+

Top non-repeatable levels by time:
    D:10: 1855 daAuts
    D:11: 1606 daAuts
     D:6: 1206 daAuts
     D:9: 1146 daAuts
     D:7: 1105 daAuts
     D:8: 1007 daAuts
     D:3: 984 daAuts
     D:1: 927 daAuts
     D:4: 811 daAuts
     D:2: 724 daAuts
     D:5: 682 daAuts
  Lair:1: 353 daAuts
   Sewer: 107 daAuts

Table legend:
 A = Non-vault XP
 B = Vault XP
 C = Vault XP percentage of total XP
 D = Non-vault monster count
 E = Vault monster count
 F = Vault count percentage of total count
                 A         B        C        D         E       F
            +---------+---------+-------+---------+---------+-------
      Total |   22238 |    9675 |  30.3 |     204 |      58 |  22.1
            +---------+---------+-------+---------+---------+-------
        D:1 |      25 |       5 |  16.7 |      15 |       3 |  16.7
        D:2 |      56 |       1 |   1.8 |      16 |       1 |   5.9
        D:3 |     159 |       0 |   0.0 |      25 |       0 |   0.0
        D:4 |     285 |       0 |   0.0 |      13 |       0 |   0.0
        D:5 |     398 |     183 |  31.5 |      10 |       4 |  28.6
        D:6 |     537 |       0 |   0.0 |      13 |       0 |   0.0
        D:7 |    1124 |     673 |  37.5 |      20 |       7 |  25.9
        D:8 |    2443 |     593 |  19.5 |      13 |       1 |   7.1
        D:9 |     486 |    1772 |  78.5 |      11 |       4 |  26.7
       D:10 |    3170 |    3648 |  53.5 |      20 |      19 |  48.7
       D:11 |    6945 |    1515 |  17.9 |      28 |       6 |  17.6
     Lair:1 |    6610 |    1137 |  14.7 |      20 |       5 |  20.0
      Sewer |       0 |     148 | 100.0 |       0 |       8 | 100.0
            +---------+---------+-------+---------+---------+-------
